[Event "VI Sunway Sitges Open 2019"]
[Site "Sitges"]
[Date "2019.12.13"]
[Round "1.42"]
[White "Sindarov, Javokhir"]
[Black "Meers, Hubert"]
[Result "1-0"]
[ECO "B10"]
[WhiteElo "2526"]
[BlackElo "2161"]
[Annotator "ChessBase"]
[PlyCount "49"]
[EventDate "2019.12.13"]
[EventType "swiss"]
[EventCountry "ESP"]
[SourceTitle "playchess.com"]
[Source "ChessBase"]
[SourceQuality "1"]
[TimeControl "40/5400+30:1800+30"]

1. e4 c6 2. Nf3 d5 3. exd5 cxd5 4. Ne5 Nc6 5. d4 Qb6 6. Nc3 e6 7. Bb5 Bb4 8. Qg4 Qxb5 9. Qxg7 Qa5 10. O-O Nxe5 11. Qxh8 Ng6 12. Qxg8+ Nf8 13. a3 Be7 14. Bg5 Bxg5 15. Qxg5 Bd7 16. Rfe1 Bc6 17. Ne2 Ng6 18. Nf4 h6 19. Qxh6 Qd2 20. Rxe6+ Kd7 21. Re3 Rh8 22. Qg7 Nxf4 23. Qxf7+ Kc8 24. Qxf4 Qxc2 25. Re7 1-0

[Event "VI Sunway Sitges Open 2019"]
[Site "Sitges"]
[Date "2019.12.13"]
[Round "1.43"]
[White "Vega Gutierrez, Belinda"]
[Black "Bjerre, Jonas Buhl"]
[Result "0-1"]
[ECO "B90"]
[WhiteElo "2159"]
[BlackElo "2526"]
[Annotator "ChessBase"]
[PlyCount "60"]
[EventDate "2019.12.13"]
[EventType "swiss"]
[EventCountry "ESP"]
[SourceTitle "playchess.com"]
[Source "ChessBase"]
[SourceQuality "1"]
[TimeControl "40/5400+30:1800+30"]

1. e4 c5 2. Nf3 d6 3. d4 cxd4 4. Nxd4 Nf6 5. Nc3 a6 6. Bd3 e5 7. Nde2 Be7 8. h3 O-O 9. g4 b5 10. Ng3 b4 11. Nce2 Bb7 12. g5 Ne8 13. h4 f5 14. Bc4+ Kh8 15. Bd5 Bxd5 16. Qxd5 Nc7 17. Qd3 fxe4 18. Qxe4 Qd7 19. Qxb4 d5 20. Qd2 Bc5 21. Rh2 Nc6 22. b3 Qf7 23. Ng1 e4 24. Bb2 Bb4 25. c3 Bd6 26. N1e2 Ne5 27. Nd4 Nd3+ 28. Kd1 Nxf2+ 29. Kc2 Bxg3 30. Rg2 e3 0-1

[Event "VI Sunway Sitges Open 2019"]
[Site "Sitges"]
[Date "2019.12.13"]
[Round "1.44"]
[White "Harsha Bharathakoti"]
[Black "Natarajan C"]
[Result "1-0"]
[ECO "A90"]
[WhiteElo "2523"]
[BlackElo "2157"]
[Annotator "ChessBase"]
[PlyCount "129"]
[EventDate "2019.12.13"]
[EventType "swiss"]
[EventCountry "ESP"]
[SourceTitle "playchess.com"]
[Source "ChessBase"]
[SourceQuality "1"]
[TimeControl "40/5400+30:1800+30"]

1. d4 e6 2. c4 f5 3. g3 c6 4. Bg2 d5 5. Nc3 Nf6 6. Nh3 Bd6 7. Qb3 O-O 8. O-O Kh8 9. Bf4 a5 10. Rad1 a4 11. Qc2 a3 12. b3 Na6 13. Bxd6 Qxd6 14. c5 Qe7 15. Na4 e5 16. dxe5 Qxe5 17. Nf4 Nb4 18. Qd2 Na6 19. Nd3 Qe7 20. e3 Nc7 21. Qc1 Nb5 22. Nc3 Nxc3 23. Qxc3 Ne4 24. Qd4 Qf6 25. Rc1 Ng5 26. Rfd1 Qxd4 27. exd4 Ne6 28. Nf4 g5 29. Nxe6 Bxe6 30. Re1 Rf6 31. Re5 Rg8 32. Rce1 Rgg6 33. Bf1 g4 34. b4 Kg7 35. R1e3 f4 36. gxf4 Bf5 37. Re7+ Rf7 38. Rxf7+ Kxf7 39. Rxa3 Re6 40. Re3 Bc2 41. Kg2 Be4+ 42. Kg3 h5 43. b5 Kf6 44. a4 Re8 45. Bg2 Kf5 46. h4 Ra8 47. bxc6 bxc6 48. Ra3 Bxg2 49. Kxg2 Kxf4 50. a5 Ke4 51. Ra4 Kf4 52. a6 Ra7 53. Kg1 g3 54. Kg2 gxf2 55. Kxf2 Kg4 56. Ke3 Re7+ 57. Kd3 Ra7 58. Kc3 Ra8 59. a7 Kxh4 60. Ra6 Kg4 61. Kb4 h4 62. Ka5 h3 63. Kb6 h2 64. Ra1 Kf4 65. Kb7 1-0

[Event "VI Sunway Sitges Open 2019"]
[Site "Sitges"]
[Date "2019.12.13"]
[Round "1.45"]
[White "Machlik, Monika"]
[Black "Narciso Dublan, Marc"]
[Result "0-1"]
[ECO "D07"]
[WhiteElo "2156"]
[BlackElo "2516"]
[Annotator "ChessBase"]
[PlyCount "98"]
[EventDate "2019.12.13"]
[EventType "swiss"]
[EventCountry "ESP"]
[SourceTitle "playchess.com"]
[Source "ChessBase"]
[SourceQuality "1"]
[TimeControl "40/5400+30:1800+30"]

1. d4 d5 2. c4 Nc6 3. Nc3 Nf6 4. cxd5 Nxd5 5. e4 Nxc3 6. bxc3 e5 7. d5 Nb8 8. Nf3 Bd6 9. Be2 O-O 10. O-O Nd7 11. Be3 Qe7 12. c4 Nc5 13. Nd2 g6 14. f3 f5 15. Qc2 Bd7 16. Kh1 b6 17. Rad1 Rf7 18. Nb3 Ba4 19. Bd3 Raf8 20. Bh6 Re8 21. Be3 Qf8 22. Qb1 Bxb3 23. axb3 a5 24. exf5 gxf5 25. f4 e4 26. Be2 Qh6 27. Qc2 Rg7 28. Rb1 Kf7 29. Qd2 Reg8 30. Rf2 Qh4 31. Bf1 Rg6 32. Bd4 Rh6 33. h3 Rg3 34. b4 axb4 35. Be5 e3 36. Qc2 exf2 37. Qxf5+ Rf6 38. Bxf6 Qxf6 39. Qxh7+ Rg7 40. Qh5+ Qg6 41. Qxg6+ Rxg6 42. f5 Rg8 43. g4 Ne4 44. Kg2 Bc5 45. Bd3 Re8 46. h4 Nc3 47. Rh1 Re1 48. Rf1 Rxf1 49. Kxf1 b3 0-1

[Event "VI Sunway Sitges Open 2019"]
[Site "Sitges"]
[Date "2019.12.13"]
[Round "1.46"]
[White "Aroshidze, Levan"]
[Black "Godbole, Atharva"]
[Result "1-0"]
[ECO "B90"]
[WhiteElo "2514"]
[BlackElo "2148"]
[Annotator "ChessBase"]
[PlyCount "79"]
[EventDate "2019.12.13"]
[EventType "swiss"]
[EventCountry "ESP"]
[SourceTitle "playchess.com"]
[Source "ChessBase"]
[SourceQuality "1"]
[TimeControl "40/5400+30:1800+30"]

1. e4 c5 2. Nf3 d6 3. d4 cxd4 4. Nxd4 Nf6 5. Nc3 a6 6. f3 e5 7. Nb3 Be6 8. Be3 Be7 9. Qd2 Nbd7 10. g4 O-O 11. g5 Nh5 12. O-O-O Qc7 13. Kb1 b5 14. Nd5 Bxd5 15. exd5 Nb6 16. Na5 Nxd5 17. Qxd5 Qxa5 18. Bd3 g6 19. c4 Rfb8 20. Be4 Re8 21. cxb5 axb5 22. Qb3 Rac8 23. Rd5 Rb8 24. Bd3 Qa4 25. Bxb5 Qxb3 26. axb3 Rec8 27. Bc4 Kg7 28. Ra5 Rc7 29. Rd1 f6 30. h4 fxg5 31. Bxg5 Nf6 32. f4 e4 33. f5 gxf5 34. Rxf5 Rc5 35. Bxf6+ Bxf6 36. Rg1+ Kh8 37. Rxf6 d5 38. Rf5 Rd8 39. Rd1 e3 40. Rfxd5 1-0

[Event "VI Sunway Sitges Open 2019"]
[Site "Sitges"]
[Date "2019.12.13"]
[Round "1.47"]
[White "Minko, Dmitry"]
[Black "Kelires, Andreas"]
[Result "0-1"]
[ECO "B94"]
[WhiteElo "2147"]
[BlackElo "2510"]
[Annotator "ChessBase"]
[PlyCount "48"]
[EventDate "2019.12.13"]
[EventType "swiss"]
[EventCountry "ESP"]
[SourceTitle "playchess.com"]
[Source "ChessBase"]
[SourceQuality "1"]
[TimeControl "40/5400+30:1800+30"]

1. e4 c5 2. Nf3 d6 3. d4 cxd4 4. Nxd4 Nf6 5. Nc3 a6 6. Bg5 Nbd7 7. Qe2 Qa5 8. f4 h6 9. Bh4 e5 10. fxe5 dxe5 11. Nb3 Qc7 12. O-O-O Be7 13. h3 b5 14. Qe1 Bb7 15. Nd5 Nxd5 16. exd5 Rc8 17. c3 Bxh4 18. Qxh4 O-O 19. Kb1 Nf6 20. d6 Qb6 21. Bd3 Rcd8 22. Qg3 Rxd6 23. Qxe5 Rfd8 24. Qe2 Rxd3 0-1

[Event "VI Sunway Sitges Open 2019"]
[Site "Sitges"]
[Date "2019.12.13"]
[Round "1.49"]
[White "Kiremitciyan, Ari"]
[Black "Isaksson, Max"]
[Result "1-0"]
[ECO "A11"]
[WhiteElo "2270"]
[BlackElo "1713"]
[Annotator "NA"]
[PlyCount "38"]
[EventDate "2019.12.13"]
[EventType "swiss"]
[EventCountry "ESP"]
[SourceTitle "playchess.com"]
[Source "ChessBase"]
[SourceQuality "1"]
[TimeControl "40/5400+30:1800+30"]

1. Nf3 d5 2. e3 Nf6 3. c4 c6 4. Nc3 e6 5. b3 Nbd7 6. Bb2 Bd6 7. Qc2 O-O 8. Rg1 b6 9. g4 Bb7 10. g5 Ne8 11. O-O-O a5 12. h4 Ba6 13. h5 b5 14. Bd3 g6 15. hxg6 fxg6 16. Nd4 bxc4 17. Bxg6 Qe7 18. Nxc6 Qg7 19. Nxd5 Qxg6 1-0

[Event "VI Sunway Sitges Open 2019"]
[Site "Sitges"]
[Date "2019.12.13"]
[Round "1.50"]
[White "Zheng, Harry Z"]
[Black "Miroshnichenko, Pavel"]
[Result "0-1"]
[ECO "B06"]
[WhiteElo "1704"]
[BlackElo "2270"]
[Annotator "NA"]
[PlyCount "144"]
[EventDate "2019.12.13"]
[EventType "swiss"]
[EventCountry "ESP"]
[SourceTitle "playchess.com"]
[Source "ChessBase"]
[SourceQuality "1"]
[TimeControl "40/5400+30:1800+30"]

1. e4 g6 2. d4 Bg7 3. Nc3 d6 4. Be3 a6 5. Qd2 b5 6. a3 Bb7 7. f3 Nd7 8. Nge2 c5 9. dxc5 dxc5 10. Nf4 Ngf6 11. Be2 O-O 12. O-O e6 13. Rfd1 Qc7 14. Qd6 Rfc8 15. Qxc7 Rxc7 16. Nd3 Nh5 17. g4 Bd4 18. Kf2 Ng7 19. Nf4 g5 20. Ng2 e5 21. h4 h6 22. hxg5 hxg5 23. Rh1 Nb6 24. Rh2 Ne6 25. Rh5 Kg7 26. Rah1 Rcc8 27. Kg3 Rh8 28. Bxg5 Rxh5 29. Rxh5 Bxc3 30. bxc3 Nxg5 31. Rxg5+ Kf6 32. Rh5 Na4 33. c4 b4 34. axb4 cxb4 35. Ne3 Nc5 36. Nd5+ Bxd5 37. exd5 a5 38. Rh1 a4 39. Ra1 a3 40. Bd1 Ke7 41. g5 Kd6 42. Kg4 Nd7 43. Kf5 Kc5 44. Be2 Kd4 45. d6 Kc3 46. Ra2 Ra7 47. Bd1 Kxc4 48. Ke4 Ra5 49. f4 exf4 50. Kxf4 Rd5 51. Bh5 Ne5 52. d7 Ng6+ 53. Ke4 Rxd7 54. Bxg6 fxg6 55. Ke5 Rf7 56. Ke4 Rf5 57. Ke3 Kc3 58. Ke2 Rxg5 59. Kd1 Rg1+ 60. Ke2 Rc1 61. Ke3 Rxc2 62. Ra1 a2 63. Kf4 b3 64. Ke3 Kb2 65. Rg1 a1=Q 66. Rxa1 Kxa1 67. Kd3 Rc8 68. Kd2 b2 69. Ke2 b1=Q 70. Kd2 Qb3 71. Ke2 Rc2+ 72. Kd1 Qb1# 0-1

[Event "VI Sunway Sitges Open 2019"]
[Site "Sitges"]
[Date "2019.12.13"]
[Round "1.51"]
[White "Jimenez Ruano, Adrian"]
[Black "Rosh, Jain"]
[Result "1-0"]
[ECO "D32"]
[WhiteElo "2263"]
[BlackElo "1697"]
[Annotator "NA"]
[PlyCount "125"]
[EventDate "2019.12.13"]
[EventType "swiss"]
[EventCountry "ESP"]
[SourceTitle "playchess.com"]
[Source "ChessBase"]
[SourceQuality "1"]
[TimeControl "40/5400+30:1800+30"]

1. Nf3 Nf6 2. c4 e6 3. e3 d5 4. Nc3 Be7 5. Be2 O-O 6. O-O c5 7. cxd5 exd5 8. d4 Nc6 9. dxc5 Bxc5 10. b3 Be6 11. Bb2 Qe7 12. Nb5 Rfd8 13. Nbd4 Ba3 14. Qc1 Bxb2 15. Qxb2 Rac8 16. Nxc6 bxc6 17. Ba6 Rc7 18. Rac1 c5 19. Qe5 Qd6 20. Rfd1 Qxe5 21. Nxe5 Nd7 22. Nxd7 Rdxd7 23. f3 Kf8 24. Bb5 Rd8 25. e4 d4 26. Bc4 Bxc4 27. Rxc4 a5 28. Rdc1 Rdc8 29. Kf2 Ke7 30. Ra4 Ra7 31. Rxd4 cxd4 32. Rxc8 Rb7 33. Rc4 Rd7 34. Ke2 Ke6 35. Kd3 Ra7 36. Rxd4 f6 37. Kc3 Rc7+ 38. Kb2 Ra7 39. Ka3 Rc7 40. Rc4 Rd7 41. Rc2 Rd4 42. Kb2 Rd7 43. Rc6+ Kf7 44. Kc2 Kg6 45. Rc5 Ra7 46. a4 Kf7 47. Kc3 Ke6 48. Rd5 Rc7+ 49. Kd3 Rb7 50. Kc4 Rc7+ 51. Rc5 Ra7 52. Kb5 Rb7+ 53. Kxa5 Rxb3 54. Rb5 Rc3 55. Kb6 Rc2 56. a5 Rxg2 57. a6 Rxh2 58. a7 Ra2 59. Ra5 Rb2+ 60. Ka6 Rd2 61. a8=Q Rd6+ 62. Kb5 h5 63. Qe8# 1-0

[Event "VI Sunway Sitges Open 2019"]
[Site "Sitges"]
[Date "2019.12.13"]
[Round "1.52"]
[White "Varsha, Ramesh"]
[Black "Rakshitta, Ravi"]
[Result "0-1"]
[ECO "A45"]
[WhiteElo "1669"]
[BlackElo "2260"]
[Annotator "NA"]
[PlyCount "110"]
[EventDate "2019.12.13"]
[EventType "swiss"]
[EventCountry "ESP"]
[SourceTitle "playchess.com"]
[Source "ChessBase"]
[SourceQuality "1"]
[TimeControl "40/5400+30:1800+30"]

1. d4 Nf6 2. Bf4 g6 3. Nc3 d5 4. e3 Bg7 5. h4 h5 6. Nf3 O-O 7. Ne5 c5 8. Qd2 Nc6 9. Be2 cxd4 10. exd4 Ne4 11. Nxc6 bxc6 12. Nxe4 dxe4 13. c3 Qa5 14. Qe3 Bf5 15. O-O Qb6 16. b3 Rac8 17. Bh6 Rfd8 18. Bxg7 Kxg7 19. Rfd1 Qc7 20. Ba6 Rb8 21. Bc4 e6 22. Be2 Rd7 23. Rac1 Rbd8 24. Qg5 e5 25. Qg3 exd4 26. Qxc7 Rxc7 27. Rxd4 Re8 28. c4 c5 29. Rd6 Re6 30. Rcd1 Kf6 31. Kf1 Rxd6 32. Rxd6+ Be6 33. Rd2 Ke5 34. g3 Rd7 35. Ke1 Rxd2 36. Kxd2 Kd4 37. Bd1 f6 38. Be2 Bf7 39. Bd1 g5 40. hxg5 fxg5 41. Be2 Bg6 42. Bd1 h4 43. gxh4 gxh4 44. Bg4 Ke5 45. Ke3 Bf5 46. f4+ exf3 47. Bxf3 h3 48. Bb7 a5 49. a3 Bc2 50. b4 cxb4 51. axb4 axb4 52. c5 b3 53. c6 Kd6 54. c7 Kxc7 55. Bf3 b2 0-1

[Event "VI Sunway Sitges Open 2019"]
[Site "Sitges"]
[Date "2019.12.13"]
[Round "1.53"]
[White "Kochavi, Ori"]
[Black "Isaksson, Philip"]
[Result "1-0"]
[ECO "C44"]
[WhiteElo "2259"]
[BlackElo "1638"]
[Annotator "NA"]
[PlyCount "71"]
[EventDate "2019.12.13"]
[EventType "swiss"]
[EventCountry "ESP"]
[SourceTitle "playchess.com"]
[Source "ChessBase"]
[SourceQuality "1"]
[TimeControl "40/5400+30:1800+30"]

1. e4 e5 2. Nf3 Nc6 3. Bc4 Bc5 4. d4 exd4 5. c3 d3 6. b4 Bb6 7. Qxd3 Nf6 8. O-O d6 9. a4 a6 10. h3 h6 11. Ra2 O-O 12. Re2 Re8 13. Na3 Ne5 14. Nxe5 dxe5 15. Qg3 Nh5 16. Qg6 Qf6 17. Qxh5 Be6 18. a5 Ba7 19. Be3 Bxc4 20. Nxc4 Qe6 21. Nd2 Bxe3 22. Rxe3 Rad8 23. Nf3 Rd7 24. Nh4 Red8 25. Rg3 Rd3 26. Nf5 Rxg3 27. fxg3 Rd3 28. Qg4 Qf6 29. Ne3 Qd6 30. Nd5 Rxd5 31. exd5 Qxd5 32. Qc8+ Kh7 33. Qxc7 e4 34. Qxf7 Qd3 35. Qf5+ Kh8 36. Qg6 1-0

[Event "VI Sunway Sitges Open 2019"]
[Site "Sitges"]
[Date "2019.12.13"]
[Round "1.54"]
[White "Jimenez Molina, Victor"]
[Black "Menac Comas, Joan Ramon"]
[Result "0-1"]
[ECO "A09"]
[WhiteElo "1665"]
[BlackElo "1997"]
[Annotator "NA"]
[PlyCount "57"]
[EventDate "2019.12.13"]
[EventType "swiss"]
[EventCountry "ESP"]
[SourceTitle "playchess.com"]
[Source "ChessBase"]
[SourceQuality "1"]
[TimeControl "40/5400+30:1800+30"]

1. Nf3 d5 2. c4 d4 3. g3 Nc6 4. Bg2 e5 5. d3 Nf6 6. O-O a5 7. e3 Be7 8. exd4 exd4 9. Re1 O-O 10. Na3 Bg4 11. h3 Bf5 12. Ne5 Nxe5 13. Rxe5 Bc8 14. Bd2 c6 15. Qa4 Nd7 16. Re2 Nc5 17. Qc2 Bf5 18. Re5 Bxd3 19. Qd1 Bg6 20. Nc2 Nd3 21. Rxe7 Qxe7 22. Nxd4 Rad8 23. Bc3 Qc5 24. Qg4 Rfe8 25. h4 f5 26. Bd5+ cxd5 27. Nxf5 Qxf2+ 28. Kh1 Qxf5 29. Qd1 0-1

[Event "VI Sunway Sitges Open 2019"]
[Site "Sitges"]
[Date "2019.12.14"]
[Round "2.16"]
[White "Gareyev, Timur"]
[Black "Eggleston, David J"]
[Result "1-0"]
[ECO "A14"]
[WhiteElo "2598"]
[BlackElo "2404"]
[Annotator "ChessBase"]
[PlyCount "139"]
[EventDate "2019.12.13"]
[EventType "swiss"]
[EventCountry "ESP"]
[SourceTitle "playchess.com"]
[Source "ChessBase"]
[SourceQuality "1"]
[TimeControl "40/5400+30:1800+30"]

1. Nf3 Nf6 2. c4 e6 3. g3 d5 4. Bg2 Be7 5. O-O O-O 6. b3 c5 7. e3 Nc6 8. Bb2 Bd7 9. Qe2 Rc8 10. d3 Qc7 11. Nbd2 Rfe8 12. Rac1 b6 13. d4 cxd4 14. exd4 Red8 15. Ne5 Be8 16. Ndf3 Qb8 17. Bh3 dxc4 18. bxc4 Nxe5 19. Nxe5 Rc7 20. Rfe1 b5 21. c5 Nd5 22. a3 a5 23. Bg2 Bf6 24. Ng4 Be7 25. h4 b4 26. axb4 axb4 27. Bxd5 Rxd5 28. Ne3 Bc6 29. Nxd5 Bxd5 30. Ra1 b3 31. Ra6 Qd8 32. Rb6 h6 33. Qb5 Rc8 34. Bc1 Bf6 35. Rd6 Qc7 36. Bf4 Qa7 37. Ra6 Qe7 38. Bd6 Qd8 39. Be5 Qe7 40. Rd6 Bxe5 41. Rxd5 exd5 42. Rxe5 Qa7 43. Qxb3 Qa1+ 44. Kg2 Qxd4 45. Rxd5 Qe4+ 46. Qf3 Qe7 47. Qf5 Qb7 48. Qe4 Qa8 49. Qf3 Qa4 50. h5 Qa8 51. Re5 Qa6 52. Qd5 Qf6 53. Qd7 Qxe5 54. Qxc8+ Kh7 55. Qc6 Qd4 56. Qd6 Qe4+ 57. Kh2 Qe2 58. Qd4 Qxh5+ 59. Kg2 Qf5 60. Qc4 Kg8 61. c6 Qc8 62. Qb5 Qe6 63. c7 Qe4+ 64. Kh2 Qc2 65. Qe8+ Kh7 66. Qxf7 Qc5 67. Kh3 h5 68. Kh4 Qd4+ 69. f4 Qc4 70. Qxc4 1-0

[Event "VI Sunway Sitges Open 2019"]
[Site "Sitges"]
[Date "2019.12.14"]
[Round "2.18"]
[White "Krishna Teja, N."]
[Black "Praggnanandhaa R"]
[Result "0-1"]
[ECO "D37"]
[WhiteElo "2383"]
[BlackElo "2586"]
[Annotator "ChessBase"]
[PlyCount "108"]
[EventDate "2019.12.13"]
[EventType "swiss"]
[EventCountry "ESP"]
[SourceTitle "playchess.com"]
[Source "ChessBase"]
[SourceQuality "1"]
[TimeControl "40/5400+30:1800+30"]

1. Nf3 Nf6 2. c4 e6 3. d4 d5 4. Nc3 a6 5. cxd5 exd5 6. Bg5 Be6 7. e3 Nbd7 8. Bd3 c6 9. O-O Bd6 10. Qc2 Qc7 11. h3 h6 12. Bxf6 Nxf6 13. Na4 O-O 14. Nc5 Bc8 15. Rfc1 Re8 16. Nd2 Qe7 17. Qd1 Nd7 18. Ndb3 Qg5 19. Qf3 Nf6 20. Nd2 h5 21. Nf1 Bc7 22. b4 b6 23. Nb3 Bd7 24. a4 Ne4 25. b5 Qh4 26. bxc6 Bc8 27. Nbd2 Ng5 28. Qxd5 Nxh3+ 29. gxh3 Bxh3 30. Be2 Re6 31. Bxh5 Rd8 32. Qf3 Rf6 33. Ng3 Rxf3 34. Nxf3 Qf6 35. Ne5 g6 36. Be2 Bc8 37. Rab1 Kg7 38. Kg2 Rh8 39. Rh1 Rxh1 40. Nxh1 Bxe5 41. dxe5 Qxc6+ 42. Bf3 Qxa4 43. Rxb6 Qa5 44. Rb8 Qc7 45. Rb3 Qxe5 46. Ng3 a5 47. Bc6 Be6 48. Rd3 Qc5 49. Ba4 Bd5+ 50. Kg1 Bc6 51. Rd4 Bxa4 52. Rxa4 Qb5 53. Ra1 a4 54. Ne4 Qb4 0-1

[Event "VI Sunway Sitges Open 2019"]
[Site "Sitges"]
[Date "2019.12.14"]
[Round "2.19"]
[White "Santos Latasa, Jaime"]
[Black "Milliet, Sophie"]
[Result "1/2-1/2"]
[ECO "E53"]
[WhiteElo "2585"]
[BlackElo "2398"]
[Annotator "ChessBase"]
[PlyCount "61"]
[EventDate "2019.12.13"]
[EventType "swiss"]
[EventCountry "ESP"]
[SourceTitle "playchess.com"]
[Source "ChessBase"]
[SourceQuality "1"]
[TimeControl "40/5400+30:1800+30"]

1. d4 Nf6 2. c4 e6 3. Nc3 Bb4 4. e3 O-O 5. Bd3 d5 6. a3 Bxc3+ 7. bxc3 dxc4 8. Bxc4 c5 9. Nf3 Qc7 10. Ba2 b5 11. O-O Bb7 12. Qe2 Rc8 13. Bb1 Ne4 14. Bb2 Nd7 15. Qxb5 Rab8 16. Qe2 cxd4 17. cxd4 Qb6 18. Bd3 Bd5 19. Rac1 Rxc1 20. Bxc1 Qa5 21. Qc2 f5 22. Ne1 Nb6 23. f3 Rc8 24. Qd1 Nc3 25. Qd2 Qa4 26. Kh1 Qb3 27. Bb2 Nd1 28. Bc1 Nc3 29. Bb2 Nd1 30. Bc1 Nc3 31. Bb2 1/2-1/2

[Event "VI Sunway Sitges Open 2019"]
[Site "Sitges"]
[Date "2019.12.14"]
[Round "2.20"]
[White "Lopez Mulet, Inigo"]
[Black "Puranik, Abhimanyu"]
[Result "1/2-1/2"]
[ECO "C56"]
[WhiteElo "2382"]
[BlackElo "2580"]
[Annotator "ChessBase"]
[PlyCount "88"]
[EventDate "2019.12.13"]
[EventType "swiss"]
[EventCountry "ESP"]
[SourceTitle "playchess.com"]
[Source "ChessBase"]
[SourceQuality "1"]
[TimeControl "40/5400+30:1800+30"]

1. e4 e5 2. Nf3 Nc6 3. d4 exd4 4. Bc4 Nf6 5. O-O Nxe4 6. Re1 d5 7. Bxd5 Qxd5 8. Nc3 Qd7 9. Nxe4 Be7 10. Bg5 O-O 11. Bxe7 Qxe7 12. Nxd4 Bd7 13. Nc3 Qb4 14. Ndb5 Rad8 15. Nxc7 Qxb2 16. N3d5 Be6 17. c4 Bxd5 18. Nxd5 Rfe8 19. Qb3 Rxe1+ 20. Rxe1 Qxb3 21. axb3 Na5 22. Re7 Kf8 23. Rc7 Nxb3 24. Rxb7 Nd2 25. Rxa7 Nxc4 26. Ne3 Nxe3 27. fxe3 Rd2 28. Kf1 g6 29. Ra1 Kg7 30. Re1 Kf6 31. Re2 Rxe2 32. Kxe2 Ke5 33. Kf3 f5 34. Kf2 Ke4 35. Ke2 g5 36. Kd2 h6 37. Ke2 h5 38. Kd2 Ke5 39. Ke2 h4 40. Kd2 Kd5 41. Kd3 Ke5 42. Kd2 Kd6 43. Kc3 Kc5 44. Kd2 Kd5 1/2-1/2

[Event "VI Sunway Sitges Open 2019"]
[Site "Sitges"]
[Date "2019.12.14"]
[Round "2.21"]
[White "Wagner, Dennis"]
[Black "Nielsen, Rogvi Egilstoft"]
[Result "1-0"]
[ECO "A18"]
[WhiteElo "2578"]
[BlackElo "2387"]
[Annotator "ChessBase"]
[PlyCount "133"]
[EventDate "2019.12.13"]
[EventType "swiss"]
[EventCountry "ESP"]
[SourceTitle "playchess.com"]
[Source "ChessBase"]
[SourceQuality "1"]
[TimeControl "40/5400+30:1800+30"]

1. c4 Nf6 2. Nc3 e6 3. e4 d6 4. d4 Nbd7 5. Nf3 c5 6. d5 Be7 7. Be2 O-O 8. O-O Ne8 9. Be3 Bf6 10. Qd2 Bxc3 11. Qxc3 Qf6 12. Qd2 h6 13. Rac1 b6 14. h3 Qe7 15. Bd3 Rb8 16. a3 a5 17. Rfe1 e5 18. Nh2 Nef6 19. Nf1 Rd8 20. Ng3 Nf8 21. Rc3 Ne8 22. Bc2 Bd7 23. a4 Nf6 24. Kh1 Kh8 25. f4 exf4 26. Bxf4 Ng6 27. e5 Nxe5 28. Bxh6 Ng8 29. Bf4 f6 30. Ne4 Re8 31. Qf2 g5 32. Bg3 Kg7 33. b3 Nh6 34. Bh2 Rh8 35. Kg1 Nhf7 36. Ng3 g4 37. Nf5+ Bxf5 38. Qxf5 Rbg8 39. Qxg4+ Kf8 40. Qc8+ Qd8 41. Qxd8+ Nxd8 42. Rg3 Ndf7 43. Rxg8+ Rxg8 44. Kf2 Rg5 45. Bf4 Rh5 46. Re3 Rh4 47. Kg3 Rh5 48. Re1 Kg7 49. Bd2 Rh8 50. Bf5 Rh5 51. Rf1 Rh8 52. Bc3 Re8 53. Kh2 Rh8 54. g3 Re8 55. Kg2 Ng5 56. h4 Ngf7 57. Be6 Nd8 58. Bf5 Ndf7 59. g4 Nh6 60. g5 fxg5 61. hxg5 Nhf7 62. Bd2 Rh8 63. Kg3 Rh5 64. Bg4 Rh8 65. Be6 Rf8 66. Rf5 Re8 67. Bc3 1-0

[Event "VI Sunway Sitges Open 2019"]
[Site "Sitges"]
[Date "2019.12.14"]
[Round "2.22"]
[White "Mascaro March, Pedro"]
[Black "Peralta, Fernando"]
[Result "0-1"]
[ECO "E16"]
[WhiteElo "2381"]
[BlackElo "2577"]
[Annotator "ChessBase"]
[PlyCount "92"]
[EventDate "2019.12.13"]
[EventType "swiss"]
[EventCountry "ESP"]
[SourceTitle "playchess.com"]
[Source "ChessBase"]
[SourceQuality "1"]
[TimeControl "40/5400+30:1800+30"]

1. d4 Nf6 2. Nf3 e6 3. c4 b6 4. g3 Bb7 5. Bg2 Bb4+ 6. Bd2 a5 7. Nc3 O-O 8. O-O d6 9. b3 Nbd7 10. a3 Bxc3 11. Bxc3 Re8 12. Bb2 Qe7 13. Re1 Be4 14. Bh3 c5 15. Nd2 Bc6 16. e4 cxd4 17. Bxd4 e5 18. Be3 Nc5 19. f3 b5 20. Qc2 b4 21. a4 h5 22. Bg5 Qa7 23. Kh1 Nh7 24. Be3 Qe7 25. Bf2 Ng5 26. Bg2 h4 27. gxh4 Nge6 28. Nf1 Nd4 29. Bxd4 exd4 30. Rad1 Qxh4 31. Ng3 d3 32. Rxd3 Nxd3 33. Qxd3 Re6 34. Rd1 Rh6 35. Nf1 Re8 36. Qd4 Rg6 37. Ne3 Qf2 38. Rf1 Qe2 39. Kg1 Qa2 40. Qd1 Qb2 41. Rf2 Qe5 42. Kh1 Qc5 43. Qd3 f5 44. Rd2 fxe4 45. fxe4 Qe5 46. Qd4 Bxe4 0-1

[Event "VI Sunway Sitges Open 2019"]
[Site "Sitges"]
[Date "2019.12.14"]
[Round "2.23"]
[White "Lopez Martinez, Josep Manuel"]
[Black "Minero Pineda, Sergio"]
[Result "1-0"]
[ECO "E11"]
[WhiteElo "2561"]
[BlackElo "2381"]
[Annotator "ChessBase"]
[PlyCount "91"]
[EventDate "2019.12.13"]
[EventType "swiss"]
[EventCountry "ESP"]
[SourceTitle "playchess.com"]
[Source "ChessBase"]
[SourceQuality "1"]
[TimeControl "40/5400+30:1800+30"]

1. d4 Nf6 2. c4 e6 3. Nf3 Bb4+ 4. Bd2 Qe7 5. g3 Bxd2+ 6. Qxd2 Nc6 7. Nc3 d5 8. cxd5 exd5 9. Bg2 O-O 10. O-O Bg4 11. e3 Rad8 12. a3 Bxf3 13. Bxf3 Nb8 14. b4 c6 15. b5 Ne4 16. Qc2 Nxc3 17. Qxc3 Rd6 18. a4 Nd7 19. Qa5 cxb5 20. axb5 Nb6 21. Qxa7 Ra8 22. Qxa8+ Nxa8 23. Rxa8+ Rd8 24. Rfa1 Qd6 25. Rxd8+ Qxd8 26. Bxd5 Qb8 27. Rc1 h5 28. h4 Qe8 29. Rc5 Qd7 30. Bc4 g6 31. b6 Qd6 32. Rc7 Qxb6 33. Rxf7 Qb1+ 34. Kh2 Kh8 35. d5 Qe4 36. d6 Qxc4 37. Rf8+ Kg7 38. d7 Kxf8 39. d8=Q+ Kg7 40. Qe7+ Kh6 41. Qxb7 Qe2 42. Kg2 Qe1 43. e4 Qe2 44. Qe7 Qe1 45. e5 Qe4+ 46. Kh2 1-0

[Event "VI Sunway Sitges Open 2019"]
[Site "Sitges"]
[Date "2019.12.14"]
[Round "2.24"]
[White "Raja Rithvik R"]
[Black "Dragnev, Valentin"]
[Result "0-1"]
[ECO "E08"]
[WhiteElo "2381"]
[BlackElo "2553"]
[Annotator "ChessBase"]
[PlyCount "128"]
[EventDate "2019.12.13"]
[EventType "swiss"]
[EventCountry "ESP"]
[SourceTitle "playchess.com"]
[Source "ChessBase"]
[SourceQuality "1"]
[TimeControl "40/5400+30:1800+30"]

1. Nf3 d5 2. d4 Nf6 3. c4 e6 4. g3 Bb4+ 5. Bd2 Be7 6. Bg2 O-O 7. O-O Nbd7 8. Qc2 c6 9. Bf4 b6 10. Rd1 Ba6 11. Ne5 Rc8 12. cxd5 Nxd5 13. Nc3 Nxe5 14. Bxe5 f6 15. Bf4 Nxf4 16. gxf4 f5 17. Rac1 Bb7 18. Qb3 Rf6 19. e3 Kh8 20. Kh1 Bd6 21. Ne2 Rh6 22. e4 fxe4 23. Bxe4 Ba6 24. Rc2 Qf6 25. Qf3 g5 26. Rg1 gxf4 27. Rg2 Bb5 28. Kg1 Rh4 29. Nc3 Bc4 30. Bxc6 Qxd4 31. Be4 Be5 32. h3 Qd7 33. Bb7 Rf8 34. Qe4 Qd4 35. Qxd4 Bxd4 36. Ne4 Bxa2 37. Ng5 e5 38. Rc7 Bg8 39. Be4 a5 40. b3 b5 41. Bd3 f3 42. Nxf3 Rxf3 43. Rc8 Bxf2+ 44. Rxf2 Rxf2 45. Kxf2 Rb4 46. Ra8 Rxb3 47. Be4 Rb2+ 48. Kg3 Kg7 49. Rxa5 Rb3+ 50. Kg2 h5 51. h4 Rb2+ 52. Kg3 Rb3+ 53. Kg2 Kf6 54. Ra6+ Ke7 55. Bf3 b4 56. Bxh5 Bd5+ 57. Kh2 e4 58. Ra5 Rd3 59. Rb5 b3 60. Bg6 Rd2+ 61. Kg3 e3 62. Be4 Bxe4 63. Re5+ Kd6 64. Rxe4 b2 0-1